 Dungeon Crawl Stone Soup version 0.17.1-1-g73c8601 (webtiles) character file.

27 penguinsfan71 the Grave Robber (level 2, -3/19 HPs)
             Began as a Vampire Necromancer on Dec 23, 2015.
             Was an Initiate of Sif Muna.
             Slain by a goblin
             ... wielding a +0 dagger
             ... led by Robin
              (5 damage)
             ... on level 2 of the Dungeon.
             The game lasted 00:05:34 (1025 turns).

penguinsfan71 the Grave Robber (VpNe)               Turns: 1025, Time: 00:05:34

Health: -3/19      AC:  2    Str:  7    XL:     2   Next: 93%
Magic:  5/5        EV: 12    Int: 17    God:    Sif Muna [......]
Gold:   42         SH:  0    Dex: 14    Spells: 1 memorised, 4 levels left

rFire  . . .     SeeInvis +     k - -2 dagger (curse)
rCold  + . .     Clarity  .     a - +0 robe
rNeg   + + .     SustAt   .     (no shield)
rPois  +         Gourm    .     (no helmet)
rElec  .         Spirit   .     (no cloak)
rCorr  .         Warding  .     (no gloves)
rMut   .         Stasis   .     (no boots)
MR     .....                    (no amulet)
Stlth  ++........               (no ring)
                                (no ring)

@: regenerating slowly, not resistant to hostile enchantments, unstealthy
A: fangs 3, see invisible, unbreathing
a: Renounce Religion


You were on level 2 of the Dungeon.
You worshipped Sif Muna.
Sif Muna was noncommittal.
You were thirsty.

You visited 1 branch of the dungeon, and saw 2 of its levels.

You collected 42 gold pieces.

Inventory:

Hand Weapons
 d - a +0 club
 e - a +0 dagger of venom
 k - a cursed -2 dagger (weapon)
Missiles
 j - 9 bolts
Armour
 a - a +0 robe (worn)
Jewellery
 g - a cursed ring of teleportation
Potions
 c - 13 potions of blood
 f - a potion of cure mutation {unknown}
Books
 b - a book of Necromancy

   Spells                             Type                      Level
   a - Pain                           Necromancy                   1
   b - Animate Skeleton               Necromancy                   1
   c - Vampiric Draining              Necromancy                   3
   d - Regeneration                   Charms/Necromancy            3
   e - Animate Dead                   Necromancy                   4
   f - Control Undead                 Necromancy                   4


   Skills:
 + Level 2.3 Dodging
 + Level 3.0 Stealth
 + Level 2.3 Spellcasting
 + Level 5.0 Necromancy


You had 4 spell levels left.
You knew the following spells:

 Your Spells              Type           Power        Failure   Level  Hunger
a - Pain                  Necr           ###.         2%          1    #......


Dungeon Overview and Level Annotations

Branches:
Dungeon (2/15)

Altars:
Sif Muna
The Shining One

Annotations:
D:2 Robin


Innate Abilities, Weirdness & Mutations

You heal slowly.
You have razor-sharp teeth.
You have supernaturally acute eyesight.
You can survive without breathing.


Message History

Robin throws the goblin at you! The goblin barely misses you.
The goblin hits you with a club.
A goblin comes into view.
Okay, then.
The goblin hits you. x2
The goblin barely misses you. The goblin closely misses you.
The adder bites you.
A goblin comes into view.
Robin says, "My army is invincible!"
The goblin hits you with a club.
* * * LOW HITPOINT WARNING * * *
Robin roars a battlecry!
The goblins go into a battle-frenzy!
The goblin hits you with an enchanted dagger.
* * * LOW HITPOINT WARNING * * *
The goblin shouts!
The goblin barely misses you. The goblin hits you but does no damage.
The goblin barely misses you. Robin throws the goblin at you!
The goblin hits you with a dagger.
You die...

... .♣ ## #.# ..P ...
+..#.# ... ...#
#.##.####+#.. ....
#.##.##....#
#...#######.##.##....#
#...........##g##g...#
#...........gSgg@(..#
#............g..÷####
#...._.......g...#
#..........g.gg..#
#..........g.....#
#....⌠.....g...###
#........g..####
##..........#
#..._......#


You could see Robin, an adder, a hobgoblin (frenzied) and 11 goblins.

Vanquished Creatures
  A giant gecko (D:2)
  3 ball pythons (D:1)
  3 bats (D:1)
  A giant cockroach (D:1)
  2 hobgoblins (D:1)
  3 jackals (D:1)
  3 kobolds
  4 goblins (D:1)
  3 rats (D:1)
23 creatures vanquished.

Notes
Turn   | Place    | Note
--------------------------------------------------------------
     0 | D:1      | penguinsfan71 the Vampire Necromancer began the quest for the Orb.
     0 | D:1      | Reached XP level 1. HP: 13/13 MP: 3/3
   200 | D:1      | Reached XP level 2. HP: 8/19 MP: 0/5
   542 | D:1      | Reached skill level 5 in Necromancy
   998 | D:2      | Found a deep blue altar of Sif Muna.
   998 | D:2      | Found a glowing golden altar of the Shining One.
  1006 | D:2      | Became a worshipper of Sif Muna the Loreminder
  1011 | D:2      | Noticed Robin
  1025 | D:2      | Slain by a goblin

Action                   || total
-------------------------++-------
Melee: Club              ||     4
 Cast: Pain              ||    31
  Use: Scroll            ||     5
